 Dungeon Crawl Stone Soup version 0.32-a0-818-gb728d02 (webtiles) character file.

Game seed: 14142927134578330700

797 Dorkslayer the Chopper (level 7, -6/48 HPs)
             Began as an Octopode Fighter on Mar 24, 2024.
             Was an Initiate of Okawaru.
             Mangled by an ogre
             ... wielding a +0 giant club
              (23 damage)
             ... on level 5 of the Dungeon.
             The game lasted 00:10:38 (3533 turns).

Dorkslayer the Chopper (Octopode Fighter)           Turns: 3533, Time: 00:10:38

Health: -6/48      AC:  1    Str: 17    XL:     7   Next: 89%
Magic:  7/7        EV: 18    Int: 10    God:    Okawaru [......]
Gold:   877        SH:  5    Dex: 12    Spells: 6/6 levels left

rFire   + . .        a - +1 war axe
rCold   . . .        b - +1 buckler
rNeg    . . .        (helmet restricted)
rPois   .            (no amulet)
rElec   .            i - +5 ring of evasion
rCorr   .            A - ring of protection from fire
SInv    .            (no ring)
Will    .....        (no ring)
Stlth   +++          (no ring)
HPRegen 0.28/turn    (no ring)
MPRegen 0.10/turn    (no ring)
                     (no ring)

%: no passive effects
@: no status effects
A: almost no armour, amphibious, 8 rings, camouflage 1, gelatinous body 1,
(nimble swimmer 1), tentacles
a: Renounce Religion


You were on level 5 of the Dungeon.
You worshipped Okawaru.
Okawaru was noncommittal.
You visited 2 branches of the dungeon, and saw 6 of its levels.

You collected 973 gold pieces.
You spent 96 gold pieces at shops.

Inventory:

Hand Weapons
 a - a +1 war axe (weapon)
 q - a +0 hand axe of flaming
Missiles
 k - 4 boomerangs (quivered)
 z - 2 throwing nets
Armour
 b - a +1 buckler (worn)
Jewellery
 i - a +5 ring of evasion (left tentacle)
 A - a ring of protection from fire (right tentacle)
Talismans
 e - a blade talisman
 j - a flux talisman
Wands
 u - a wand of charming (13)
 B - a wand of polymorph (6)
Scrolls
 d - a scroll of enchant armour
 f - 3 scrolls of teleportation
 o - a scroll of poison
 s - 2 scrolls of amnesia
 x - a scroll of revelation
Potions
 c - a potion of might
 g - a potion of mutation
 h - a potion of resistance
 l - a potion of heal wounds {unknown}
 m - a potion of cancellation {unknown}
 n - a potion of enlightenment
 p - a potion of brilliance
 r - 3 potions of curing
 t - 3 potions of attraction {unknown}
 v - a potion of invisibility {unknown}
 w - 2 potions of haste


   Skills:
 + Level 4.1 Fighting
 + Level 5.6 Axes
 + Level 4.2 Dodging
 + Level 4.0 Stealth
 + Level 3.5 Shields
 * Level 0.1 Invocations
 * Level 1.7 Evocations
 * Level 2.5 Shapeshifting


You had 6 spell levels left.
You didn't know any spells.
Your spell library contained the following spells:

 Spells                   Type           Power      Damage    Failure   Level
 Apportation              Tloc           0%         N/A       43%         1
 Jinxbite                 Hex            0%         N/A       58%         2
 Anguish                  Hex/Necr       0%         N/A       99%         4
 Cause Fear               Hex            0%         N/A       99%         4
 Alistair's Intoxication  Alch           0%         N/A       100%        5
 Enfeeble                 Hex            0%         N/A       100%        7


Dungeon Overview and Level Annotations

Branches:
Dungeon (5/15)             Temple (1/1) D:5

Altars:
Ashenzari
Elyvilon
Fedhas
Gozag
Kikubaaqudgha
Nemelex Xobeh
Okawaru
Qazlal
Sif Muna
Trog
Uskayaw
Vehumet
Wu Jian
Yredelemnul

Shops:
D:1 *   D:5 (


Innate Abilities, Weirdness & Mutations

You cannot wear most types of armour.
You are amphibious.
You can wear up to eight rings at the same time.
Your skin changes colour to match your surroundings (Stealth+).
Your rubbery body absorbs attacks. (AC +1, EV +1)
((You are camouflaged when in or above water. (Stealth+)))
You have tentacles for arms and can constrict up to eight enemies at once.


Message History

You see here a +0 dagger.
There is an open door, spattered with blood here.
You open the door.
There is an open door here.
You open the door.
There is an open door here.
You open the door.
Found Zugot's Antique Weapon Boutique.
There is an open door here.
There is an entrance to Zugot's Antique Weapon Boutique here.
You open the door. You open the door. You open the door.
There is an open door here.
You open the door.
There is an open door here.
You open the door.
There is an open door here.
You open the door.
There is an open door here.
You open the door.
A white imp comes into view.
Found a buckler.
There is an open door here.
Found a stone staircase leading down.
An ogre comes into view. It is wielding a +0 giant club.
The helpless white imp fails to defend itself.
You hit the white imp but do no damage. Your grab misses the white imp.
You squeeze the white imp!
You kill the white imp!
Okawaru accepts your kill.
The helpless ogre fails to defend itself.
You hit the ogre. You squeeze the ogre.
The ogre is lightly wounded.
The ogre hits you with a +0 giant club!!
Ouch! That really hurt!
You hit the ogre. Your squeeze misses the ogre.
The ogre is lightly wounded.
The ogre hits you with a +0 giant club!!
You die...

##### #...# #...#
#...# #.O.# ##.@.#
#>...+ # #....# # ###
#. #....##.##. ...
#.###.......... ...
#...##...##.##.##.#
#.......##.......###.#
+........#.........#.#
#........#.# .#..#.#.#


You could see an ogre.

Vanquished Creatures
  Grinder (D:3)
  A human (D:3)
  A phantom (D:5)
  A bullfrog (D:4)
  A scorpion (D:5)
  2 bombardier beetles (D:3)
  An orc priest (D:5)
  2 hounds
  An iguana (D:5)
  Crazy Yiuf (D:5)
  A human skeleton (D:3)
  Ijyb (D:4)
  4 adders
  A shadow imp (D:5)
  2 white imps (D:5)
  2 ufetubi (D:5)
  4 dart slugs
  3 ribbon worms (D:2)
  4 orcs
  6 ball pythons
  7 endoplasms
  3 giant cockroaches
  12 hobgoblins
  3 quokkas
  10 bats
  5 frilled lizards
  6 goblins
  5 kobolds
  7 rats
98 creatures vanquished.

Notes
Turn   | Place    | Note
-------+----------+-------------------------------------------
     0 | D:1      | Dorkslayer the Octopode Fighter began the quest for the
                  | Orb.
     0 | D:1      | Reached XP level 1. HP: 16/16 MP: 1/1
   177 | D:1      | Reached XP level 2. HP: 21/21 MP: 2/2
   353 | D:1      | Found Teh Kop's General Store.
   608 | D:2      | Reached XP level 3. HP: 21/26 MP: 3/3
   612 | D:2      | Identified a scroll of acquirement
   612 | D:2      | Acquired 825 gold pieces
  1048 | D:2      | Reached skill level 3 in Axes
  1048 | D:2      | Reached XP level 4. HP: 24/31 MP: 4/4
  1359 | D:1      | Bought a scroll of poison for 48 gold pieces
  1359 | D:1      | Bought a potion of brilliance for 48 gold pieces
  1483 | D:3      | Noticed Grinder
  1495 | D:3      | Killed Grinder
  1496 | D:3      | Reached skill level 4 in Axes
  1496 | D:3      | Reached skill level 1 in Shapeshifting
  1496 | D:3      | Reached XP level 5. HP: 28/37 MP: 5/5
  1496 | D:3      | Reached XP level 6. HP: 33/43 MP: 6/6
  1521 | D:3      | Found a runed translucent door.
  1521 | D:3      | Noticed a human
  1534 | D:3      | Found a basalt altar of Yredelemnul.
  1560 | D:3      | Killed a human
  1624 | D:3      | Found a transporter.
  1628 | D:3      | Found a white marble altar of Elyvilon.
  1630 | D:3      | Found a transporter.
  1838 | D:3      | Found a faded altar of an unknown god.
  1897 | D:3      | Found a broken altar of Ashenzari.
  2169 | D:4      | Noticed Ijyb
  2178 | D:4      | Killed Ijyb
  2589 | D:5      | Entered Level 5 of the Dungeon
  2692 | D:4      | Reached skill level 5 in Axes
  2692 | D:4      | Reached XP level 7. HP: 47/47 MP: 7/7
  2974 | D:5      | Reached skill level 1 in Evocations
  3083 | D:5      | Found a runed translucent door.
  3084 | D:5      | Noticed Crazy Yiuf
  3092 | D:5      | Killed Crazy Yiuf
  3170 | D:5      | Found a staircase to the Ecumenical Temple.
  3179 | Temple   | Entered the Ecumenical Temple
  3236 | Temple   | Became a worshipper of Warmaster Okawaru
  3469 | D:5      | Found Zugot's Antique Weapon Boutique.
  3533 | D:5      | Mangled by an ogre

Illustrated notes

Levels and vault maps discovered:
D:1:      spicycebolla_arrival_risky_transporter, layout_basic, serial_shops,
          nicolae_shop_competitors_out_of_business,
          minmay_misc_feat_secret_circle
D:2:      layout_loops_corners, minmay_close_crescents
D:3:      layout_basic, dk_yredelemnul_ordeal, elyvilon_altar_4,
          nicolae_ashenzari_panopticon, chequers_ecumenical_altar_island,
          minmay_box_of_dots, uniq_grinder
D:4:      layout_basic, uniq_ijyb
D:5:      layout_basic, worldfamousw_hep_ancestral_shrine,
          minmay_temple_entry_proselytizer, serial_shops,
          nicolae_shop_real_fake_doors, uniq_menkaure, uniq_crazy_yiuf_cottage
Temple:   bh_familiar_temple

Skill      XL: |  1  2  3  4  5  6  7 |
---------------+----------------------+-----
Axes           | 3 4 5 |  5.6
Stealth        | 2 3 4 |  4.0
Shapeshifting  | 1 2 |  2.5
Dodging        | 4 |  4.2
Fighting       | 4 |  4.1
Evocations     | 1 |  1.7
Shields        | |  3.5
Invocations    | |  0.1

Action                     |  1- 3 |  4- 6 |  7- 9 || total
---------------------------+-------+-------+-------++-------
  Melee: War axe           |    53 |    79 |    40 ||   172
         Constrict         |    15 |    26 |     6 ||    47
         Tentacles         |     8 |    17 |     7 ||    32
    Use: Scroll            |     7 |     3 |     3 ||    13
         Potion            |       |       |     1 ||     1
   Stab: Sleeping          |     6 |    10 |     5 ||    21
 Armour: Skin              |    30 |    25 |    13 ||    68
  Dodge: Dodged            |    25 |    64 |    27 ||   116
  Block: Buckler           |     8 |    16 |     2 ||    26

Table legend: (Time is in decaauts)
 A = Elapsed time spent in this place.
 B = Non-inter-level travel time spent in this place.
 C = Inter-level travel time spent in this place.
 D = Time resting spent in this place.
 E = Time spent auto-exploring this place.
 F = Levels seen in this place.
 G = Mean time per level.
                   A        B        C        D        E       F      G
               +--------+--------+--------+--------+--------+-----+--------+
         Total |   3591 |   3591 |      0 |      0 |   1890 |   6 |  598.5 |
       Dungeon |   3494 |   3494 |      0 |      0 |   1890 |   5 |  698.8 |
        Temple |     96 |     96 |      0 |      0 |      0 |   1 |   96.0 |
               +--------+--------+--------+--------+--------+-----+--------+

Top non-repeatable levels by time:
     D:2: 890 daAuts
     D:4: 709 daAuts
     D:3: 697 daAuts
     D:1: 619 daAuts
     D:5: 578 daAuts
  Temple: 96 daAuts
